[ AOE2 MATCH · #507069076 ]
UnrankedMagyars vs Persians
Player's team · LOSS
Rival team · WIN
[ REPLAY ANALYSIS · EXTRACTED FROM THE RECORDED GAME ]
Feudal
—
Castle
—
Imperial
—
| APM avg | 30.3 |
| APM peak | 75 |
| eAPM avg | 12.5 |
| Villagers / military | 59 / 18 |
Focus
⚔️ 27.3% · 🌾 72.7%
Cavalry Archer ×10 · Spearman ×5 · Scout Cavalry ×3
Feudal
—
Castle
—
Imperial
—
| APM avg | 40.1 |
| APM peak | 71 |
| eAPM avg | 16.5 |
| Villagers / military | 62 / 16 |
Focus
⚔️ 27.5% · 🌾 72.5%
Knight ×7 · Scorpion ×5 · Scout Cavalry ×2 · Mangonel ×1 · Spearman ×1
Match map
Initial resources + every placement click. Lines = walls · curves = elevation contours. ◆ gold · ⬟ stone · ● berries · ✦ relic · ◌ wall gap
Your base· ✓ Closed at 19:44 · 42t walls · 1 gate(s)
Ricardo Arjona's base· ✓ Closed at 17:47 · 49t walls · no gate
Smoothed initial terrain · ◌ = detected wall gap · hover for details
Inputs per minute
— vN eRaaz - - Ricardo Arjona
Build order — vN eRaaz
134 actions detected in the replay
| 0:02 | Queue | Villager (Male) |
| 0:02 | Queue | Villager (Male) |
| 0:02 | Queue | Villager (Male) |
| 0:03 | Queue | Villager (Male) |
| 0:03 | Queue | Villager (Male) |
| 0:05 | Build | House |
| 0:07 | Build | House |
| 1:38 | Queue | Villager (Male) |
| 1:39 | Queue | Villager (Male) |
| 1:55 | Queue | Villager (Male) |
| 1:55 | Queue | Villager (Male) |
| 2:08 | Queue | Villager (Male) |
| 2:12 | Build | Lumber Camp |
| 2:41 | Build | House |
| 2:47 | Queue | Villager (Male) |
| 2:47 | Queue | Villager (Male) |
| 3:06 | Queue | Villager (Male) |
| 3:17 | Queue | Villager (Male) |
| 3:17 | Queue | Villager (Male) |
| 3:45 | Queue | Villager (Male) |
| 4:26 | Queue | Villager (Male) |
| 5:10 | Queue | Villager (Male) |
| 5:10 | Queue | Villager (Male) |
| 5:11 | Queue | Villager (Male) |
| 5:15 | Queue | Villager (Male) |
| 5:16 | Queue | Villager (Male) |
| 5:18 | Research | Loom |
| 6:14 | Build | Mill |
| 7:20 | Research | Feudal Age |
| 7:52 | Build | House |
| 7:59 | Build | Barracks |
| 8:06 | Queue | Villager (Male) |
| 8:53 | Queue | Villager (Male) |
| 9:07 | Queue | Villager (Male) |
| 9:33 | Build | Stable |
| 9:38 | Build | House |
| 9:42 | Build | Palisade Wall |
| 10:00 | Build | House |
| 10:04 | Build | Palisade Wall |
| 10:08 | Research | Double-Bit Axe |
| 10:22 | Queue | Scout Cavalry |
| 10:22 | Queue | Scout Cavalry |
| 10:22 | Queue | Scout Cavalry |
| 10:24 | Queue | Villager (Male) |
| 10:25 | Queue | Villager (Male) |
| 10:36 | Build | Farm |
| 10:47 | Build | Palisade Wall |
| 10:51 | Queue | Villager (Male) |
| 11:32 | Build | Palisade Wall |
| 11:40 | Build | House |
| 11:42 | Queue | Villager (Male) |
| 11:42 | Queue | Villager (Male) |
| 11:57 | Build | House |
| 12:02 | Build | Palisade Wall |
| 12:16 | Build | Farm |
| 12:16 | Build | Farm |
| 12:16 | Build | Farm |
| 12:16 | Build | Farm |
| 12:16 | Build | Farm |
| 12:26 | Queue | Villager (Male) |
| 12:36 | Queue | Villager (Male) |
| 12:36 | Queue | Villager (Male) |
| 12:55 | Build | Palisade Gate |
| 13:01 | Build | House |
| 13:03 | Queue | Villager (Male) |
| 13:06 | Queue | Spearman |
| 13:06 | Queue | Spearman |
| 13:14 | Build | Lumber Camp |
| 13:25 | Build | Farm |
| 13:29 | Build | Farm |
| 13:51 | Queue | Villager (Male) |
| 14:01 | Build | Blacksmith |
| 14:03 | Build | House |
| 14:08 | Build | House |
| 14:09 | Queue | Villager (Male) |
| 14:32 | Build | Farm |
| 14:37 | Build | Farm |
| 15:00 | Build | Farm |
| 15:00 | Build | Farm |
| 15:11 | Research | Horse Collar |
| 16:15 | Queue | Villager (Male) |
| 16:27 | Queue | Villager (Male) |
| 16:27 | Queue | Villager (Male) |
| 16:33 | Build | Farm |
| 16:33 | Build | Farm |
| 16:34 | Build | Farm |
| 16:34 | Build | Farm |
| 16:36 | Build | Farm |
| 16:36 | Build | Farm |
| 16:37 | Build | Farm |
| 16:50 | Build | House |
| 16:53 | Build | House |
| 16:58 | Build | House |
| 17:31 | Queue | Villager (Male) |
| 17:32 | Queue | Villager (Male) |
| 17:49 | Build | Mining Camp |
| 17:55 | Queue | Villager (Male) |
| 18:20 | Build | Farm |
| 18:26 | Queue | Villager (Male) |
| 18:49 | Build | Archery Range |
| 18:54 | Build | Archery Range |
| 18:55 | Queue | Villager (Male) |
| 18:56 | Queue | Villager (Male) |
| 18:56 | Queue | Villager (Male) |
| 19:44 | Research | Castle Age |
| 20:00 | Queue | Villager (Male) |
| 20:05 | Research | Gold Mining |
| 20:35 | Build | Market |
| 20:40 | Build | House |
| 20:49 | Research | Fletching |
| 20:52 | Research | Padded Archer Armor |
| 21:13 | Build | House |
| 21:15 | Build | House |
| 21:23 | Build | House |
| 21:31 | Queue | Villager (Male) |
| 21:49 | Build | House |
| 21:55 | Build | Palisade Gate |
| 22:09 | Build | Lumber Camp |
| 22:15 | Queue | Villager (Male) |
| 22:50 | Queue | Cavalry Archer ×5 |
| 22:55 | Research | Bloodlines |
| 23:15 | Build | Town Center |
| 23:40 | Queue | Spearman |
| 23:40 | Queue | Spearman |
| 23:40 | Queue | Spearman |
| 24:57 | Queue | Villager (Male) |
| 24:57 | Queue | Villager (Male) |
| 24:58 | Queue | Villager (Male) |
| 24:58 | Queue | Villager (Male) |
| 24:58 | Queue | Villager (Male) |
| 25:03 | Build | Lumber Camp |
| 25:34 | Queue | Villager (Male) ×5 |
| 25:48 | Queue | Cavalry Archer ×5 |
| 26:03 | Build | Farm |
Build order — Ricardo Arjona
First 150 of 164 actions detected
| 0:01 | Queue | Villager (Male) |
| 0:02 | Queue | Villager (Male) |
| 0:03 | Build | House |
| 0:04 | Build | House |
| 0:10 | Queue | Villager (Male) |
| 0:10 | Queue | Villager (Male) |
| 0:29 | Queue | Villager (Male) |
| 1:23 | Queue | Villager (Male) |
| 1:23 | Queue | Villager (Male) |
| 1:51 | Build | Lumber Camp |
| 2:03 | Queue | Villager (Male) |
| 2:13 | Queue | Villager (Male) |
| 2:58 | Queue | Villager (Male) |
| 3:18 | Queue | Villager (Male) |
| 3:39 | Build | House |
| 3:44 | Build | Mill |
| 3:52 | Queue | Villager (Male) |
| 3:52 | Queue | Villager (Male) |
| 4:20 | Queue | Villager (Male) |
| 4:55 | Queue | Villager (Male) |
| 5:24 | Queue | Villager (Male) |
| 5:35 | Queue | Villager (Male) |
| 5:42 | Queue | Villager (Male) |
| 5:43 | Research | Loom |
| 7:05 | Research | Feudal Age |
| 7:41 | Build | Lumber Camp |
| 7:47 | Build | Barracks |
| 7:49 | Build | House |
| 7:55 | Build | Palisade Wall |
| 8:11 | Build | Palisade Wall |
| 8:17 | Build | Palisade Wall |
| 8:30 | Build | Palisade Wall |
| 9:04 | Build | Palisade Wall |
| 9:11 | Queue | Villager (Male) |
| 9:13 | Queue | Spearman |
| 9:33 | Queue | Villager (Male) |
| 9:49 | Build | Stable |
| 9:54 | Research | Double-Bit Axe |
| 9:59 | Queue | Villager (Male) |
| 10:22 | Queue | Villager (Male) |
| 10:31 | Build | Farm |
| 10:32 | Build | Farm |
| 10:36 | Queue | Villager (Male) |
| 10:47 | Build | House |
| 11:07 | Queue | Villager (Male) |
| 11:19 | Queue | Villager (Male) |
| 11:34 | Build | Farm |
| 11:40 | Build | Farm |
| 11:41 | Build | Farm |
| 11:45 | Build | Mill |
| 11:54 | Queue | Scout Cavalry |
| 12:04 | Build | Palisade Wall |
| 12:05 | Build | Palisade Wall |
| 12:06 | Build | Palisade Wall |
| 12:10 | Build | Farm |
| 12:15 | Queue | Villager (Male) |
| 12:23 | Queue | Villager (Male) |
| 12:43 | Build | Farm |
| 12:45 | Build | Farm |
| 12:46 | Build | Farm |
| 12:48 | Build | Farm |
| 12:51 | Queue | Villager (Male) |
| 13:02 | Build | House |
| 13:25 | Queue | Villager (Male) |
| 13:43 | Build | Farm |
| 13:44 | Build | Farm |
| 13:49 | Queue | Villager (Male) |
| 14:04 | Queue | Scout Cavalry |
| 14:09 | Build | Farm |
| 14:10 | Build | Farm |
| 14:14 | Build | Farm |
| 14:20 | Queue | Villager (Male) |
| 14:28 | Build | House |
| 14:33 | Queue | Villager (Male) |
| 14:48 | Queue | Villager (Male) |
| 14:55 | Build | Market |
| 14:57 | Queue | Villager (Male) |
| 15:15 | Build | Farm |
| 15:30 | Queue | Villager (Male) |
| 15:35 | Build | Mining Camp |
| 15:43 | Queue | Villager (Male) |
| 15:55 | Queue | Villager (Male) |
| 16:06 | Queue | Villager (Male) |
| 16:10 | Queue | Villager (Male) |
| 16:19 | Build | House |
| 16:42 | Build | Blacksmith |
| 16:50 | Queue | Villager (Male) |
| 17:47 | Research | Castle Age |
| 17:54 | Build | House |
| 18:11 | Build | Stable |
| 18:14 | Research | Forging |
| 18:20 | Research | Horse Collar |
| 19:09 | Research | Bloodlines |
| 19:12 | Queue | Villager (Male) |
| 19:18 | Queue | Villager (Male) |
| 19:38 | Queue | Villager (Male) |
| 19:58 | Research | Gold Mining |
| 20:01 | Research | Scale Barding Armor |
| 20:08 | Build | Palisade Gate |
| 20:17 | Queue | Knight |
| 20:17 | Queue | Knight |
| 20:32 | Queue | Villager (Male) |
| 20:41 | Build | Town Center |
| 20:46 | Build | Farm |
| 20:47 | Build | Farm |
| 21:01 | Build | Siege Workshop |
| 21:06 | Queue | Knight |
| 21:07 | Queue | Knight |
| 21:17 | Research | Bow Saw |
| 21:21 | Build | Farm |
| 21:30 | Queue | Knight |
| 21:34 | Build | Farm |
| 21:37 | Queue | Villager (Male) |
| 21:42 | Build | House |
| 21:48 | Build | Farm |
| 21:51 | Queue | Villager (Male) |
| 22:13 | Queue | Villager (Male) |
| 22:17 | Build | House |
| 22:18 | Queue | Villager (Male) |
| 22:26 | Queue | Scorpion |
| 22:29 | Build | House |
| 22:30 | Queue | Villager (Male) |
| 22:38 | Build | Farm |
| 22:39 | Queue | Villager (Male) |
| 22:52 | Queue | Villager (Male) |
| 22:54 | Queue | Scorpion |
| 23:18 | Queue | Mangonel |
| 23:20 | Queue | Villager (Male) |
| 23:22 | Build | Farm |
| 23:28 | Build | Outpost |
| 23:34 | Build | House |
| 23:42 | Queue | Knight |
| 23:43 | Queue | Villager (Male) |
| 23:46 | Queue | Knight |
| 23:46 | Queue | Villager (Male) |
| 24:00 | Queue | Scorpion |
| 24:20 | Build | Town Center |
| 24:21 | Queue | Villager (Male) |
| 24:23 | Build | House |
| 24:24 | Build | House |
| 24:34 | Queue | Villager (Male) |
| 24:36 | Build | Farm |
| 24:37 | Build | Farm |
| 24:38 | Build | Farm |
| 24:38 | Build | Farm |
| 24:46 | Research | Husbandry |
| 25:01 | Queue | Villager (Male) |
| 25:08 | Queue | Scorpion |
| 25:14 | Build | Farm |
| 25:15 | Build | Farm |
Match timeline
| 7:47 | Ricardo Arjona · first_building Barracks |
| 7:55 | Ricardo Arjona · wall_segment Palisade Wall x11 |
| 7:59 | vN eRaaz · first_building Barracks |
| 8:11 | Ricardo Arjona · wall_segment Palisade Wall x14 |
| 8:17 | Ricardo Arjona · wall_segment Palisade Wall x15 |
| 8:30 | Ricardo Arjona · wall_segment Palisade Wall x5 |
| 9:04 | Ricardo Arjona · wall_segment Palisade Wall x1 |
| 9:33 | vN eRaaz · first_building Stable |
| 9:42 | vN eRaaz · wall_segment Palisade Wall x7 |
| 9:49 | Ricardo Arjona · first_building Stable |
| 10:04 | vN eRaaz · wall_segment Palisade Wall x9 |
| 10:47 | vN eRaaz · wall_segment Palisade Wall x4 |
| 11:32 | vN eRaaz · wall_segment Palisade Wall x14 |
| 12:02 | vN eRaaz · wall_segment Palisade Wall x8 |
| 12:04 | Ricardo Arjona · wall_segment Palisade Wall x1 |
| 12:05 | Ricardo Arjona · wall_segment Palisade Wall x1 |
| 12:06 | Ricardo Arjona · wall_segment Palisade Wall x1 |
| 16:53 | Ricardo Arjona · first_market_sell 100 wood |
| 17:27 | Ricardo Arjona · first_market_buy 100 food |
| 18:49 | vN eRaaz · first_building Archery Range |
| 21:01 | Ricardo Arjona · first_building Siege Workshop |
| 25:42 | vN eRaaz · first_market_buy 100 wood |
| 26:32 | vN eRaaz · resign |
[ AI ANALYSIS · 1 CREDIT ]
What really happened in this match?
Wolo.gg analyzes every decision: build order, eco, micro, common mistakes by bracket. Personalized analysis on WhatsApp or Discord in 30 seconds.
Civ guide
Magyars
Perfil
Jugador #14065945